 Dungeon Crawl Stone Soup version 0.30.0-29-ga12c61a403 (webtiles) character file.

Game seed: 959378312183790510

3521 monsoonserge the Basher (level 9, 0/123 HPs)
             Began as a Minotaur Fighter on June 23, 2023.
             Was an Initiate of Gozag.
             Slain by Maggie
             ... wielding a +2 long sword of flaming
              (1 damage)
             ... on level 8 of the Dungeon.
             The game lasted 00:19:47 (5891 turns).

monsoonserge the Basher (Minotaur Fighter)          Turns: 5891, Time: 00:19:47

Health: 0/123      AC: 28    Str: 20 (23) XL:     9   Next: 81%
Magic:  8/8        EV:  2    Int:  4 (5)  God:    Gozag
Gold:   684        SH:  4    Dex:  7 (8)  Spells: 8/8 levels left

rFire   . . .        S - +2 whip (freeze)
rCold   . . .        c - +0 buckler
rNeg    . . .        T - melded +1 chain mail {rC+}
rPois   +            U - melded +1 hat
rElec   .            (cloak currently unavailable)
rCorr   .            W - melded +0 pair of gloves
SInv    .            (boots currently unavailable)
Will    .....        A - amulet of magic regeneration
Stlth   +            y - ring of wizardry
HPRegen 0.40/turn    u - +4 ring of protection
MPRegen 0.51/turn

%: wizardry (x1)
@: mighty, tree-form, gold aura, attractive, mesmerised
A: stationary, stasis, torment immunity, boosted hp, (horns 2), (retaliatory
headbutt), clumsy 1, (electricity resistance), weak 1
a: Renounce Religion, Potion Petition, Call Merchant, Bribe Branch


You were on level 8 of the Dungeon.
You worshipped Gozag.
Gozag was pleased with you.
You were a tree.
You visited 2 branches of the dungeon, and saw 9 of its levels.
You also visited: Sewer.

You collected 785 gold pieces.
You paid 101 gold pieces to Gozag.

Inventory:

Hand Weapons
 a - a +0 war axe
 F - a +0 flail of protection
 K - a +0 dagger
 S - a +2 whip of freezing (weapon)
Missiles
 i - 7 curare-tipped darts
 r - 9 poisoned darts (quivered)
 L - a boomerang
 Q - a throwing net
Armour
 b - a +0 scale mail
 c - a +0 buckler (worn)
 t - a +0 pair of gloves
 E - a +0 chain mail
 O - a +0 plate armour
 T - a +1 chain mail of cold resistance (melded)
 U - a +1 hat (melded)
 W - a +0 pair of gloves (melded)
Jewellery
 u - a +4 ring of protection (right branch)
 y - a ring of wizardry (left branch)
 A - an amulet of magic regeneration (around neck)
 J - a ring of ice
 V - a +6 ring of intelligence
Wands
 q - a wand of iceblast (6)
 G - a wand of flame (54)
 H - a wand of light (11)
 R - a wand of paralysis (13)
Scrolls
 f - 5 scrolls of fear {unknown}
 j - 2 scrolls of blinking {unknown}
 k - 2 scrolls of enchant weapon {unknown}
 l - 4 scrolls of poison {unknown}
 n - 5 scrolls of teleportation {unknown}
 p - a scroll of fog {unknown}
 s - 2 scrolls of immolation {unknown}
 z - 6 scrolls of identify {unknown}
 B - a scroll of brand weapon {unknown}
 I - a scroll of silence {unknown}
 N - 4 scrolls of vulnerability {unknown}
 P - a scroll of amnesia {unknown}
Potions
 d - a potion of might
 e - a potion of degeneration
 g - a potion of lignification
 h - 2 potions of mutation
 m - 7 potions of curing
 o - a potion of haste {unknown}
 v - 2 potions of attraction
 w - a potion of magic {unknown}
 x - 2 potions of flight {unknown}
 C - a potion of heal wounds {unknown}
 D - 2 potions of cancellation {unknown}
 M - 2 potions of brilliance {unknown}


   Skills:
 + Level 8.5 Fighting
 + Level 7.2(9.8) Axes
 + Level 10.4(11.3) Maces & Flails
 + Level 1.9 Throwing
 - Level 7.0 Armour
 + Level 3.1 Dodging
 - Level 4.0 Shields
 - Level 2.0 Evocations


You had 8 spell levels left.
You didn't know any spells.
Your spell library contained the following spells:

 Spells                   Type           Power      Damage    Failure   Level
 Beastly Appendage        Tmut           0%         N/A       26%         1
 Kiss of Death            Conj/Necr      0%         2d5       26%         1
 Blink                    Tloc           0%         N/A       38%         2
 Wereblood                Tmut           0%         N/A       38%         2
 Confusing Touch          Hex            0%         N/A       61%         3
 Dazzling Flash           Conj/Hex       0%         N/A       61%         3
 Ozocubu's Armour         Ice            0%         N/A       61%         3
 Spider Form              Tmut/Pois      0%         N/A       61%         3
 Volatile Blastmotes      Fire/Tloc      0%         2d10      61%         3
 Dispel Undead            Necr           0%         3d6       93%         4
 Iskenderun's Mystic Bla  Conj/Tloc      0%         2d3       93%         4
 Manifold Assault         Tloc           0%         N/A       93%         4
 Starburst                Conj/Fire      0%         6d3       100%        6
 Ozocubu's Refrigeration  Ice            0%         4d7       100%        7
 Storm Form               Tmut/Air       0%         N/A       100%        7
 Chain Lightning          Conj/Air       0%         N/A       100%        9
 Fire Storm               Conj/Fire      0%         5d1       100%        9
 Shatter                  Erth           0%         3d5*      100%        9


Dungeon Overview and Level Annotations

Branches:
Dungeon (8/15)             Temple (1/1) D:4           Sewer (visited)
   Lair: D:8-11

Altars:
Ashenzari
Cheibriados
Dithmenos
Elyvilon
Fedhas
Gozag
Hepliaklqana
Kikubaaqudgha
Makhleb
Nemelex Xobeh
Okawaru
Qazlal
Ru
Sif Muna
Trog
Uskayaw
Vehumet
Wu Jian
Xom
Yredelemnul
Zin
The Shining One

Annotations:
D:8 Maggie


Innate Abilities, Weirdness & Mutations

You are a tree.
Your roots penetrate the ground, keeping you stationary.
You cannot be teleported.
You are immune to unholy pain and torment.
Your maximum health is greatly increased.
Your equipment is partially melded.
((You have a pair of horns on your head.))
((You reflexively headbutt those who attack you in melee.))
You are clumsy. (Dex -2)
((You are resistant to electric shocks. (rElec)))
You are weak. (Str -2)


Message History

You feel clumsy.
You feel weaker.
You feel insulated.
You hear some strange, mumbled words.
A puff of flame appears from out of thin air!
The puff of flame hits you but does no damage.
You block the orc's attack. You block the orc warrior's attack.
Maggie casts a spell at you. The bolt of fire misses you.
It was a potion of attraction.
You feel attractive to monsters.
You hear some strange, mumbled words.
A magic dart appears from out of thin air!
The magic dart hits you but does no damage.
You block the orc's attack. The orc warrior misses you.
Maggie gestures at you while chanting. The bolt of fire hits you!
* * * LOW HITPOINT WARNING * * *
Unknown command.
It was a potion of degeneration.
There was something very wrong with that liquid.
You feel weakened.
You feel dopey.
You feel clumsy. Something hits you.
* * * LOW HITPOINT WARNING * * *
The orc is distracted by your dazzling golden aura.
The orc warrior barely misses you. You furiously retaliate!
You headbutt the orc warrior!
You kill the orc warrior!
Maggie points at you and mumbles some strange words.
The bolt of fire misses you.
The orc shouts!
It was a potion of lignification.
You turn into a tree.
Your +1 hat melds into your body.
Your +0 pair of gloves melds into your body.
Your +1 chain mail of cold resistance melds into your body.
You feel less resistant to cold.
Your roots penetrate the ground.
Something hits you but does no damage.
Maggie hits you with a +2 long sword of flaming.
* * * LOW HITPOINT WARNING * * *
Maggie burns you.
You die...
Your body crumbles into a pile of gold.

#..# .# #..## ###. $ ..#
#...###... ...###.......#
.............#
.............##
#.............####
#.....o{..........
..####@♣$.....### .## .
#..$.....####### ......
.......#...........# ...#..
#....###...[...<.# ..##.#
##..# ##......### .# #.# #..#
###....## .###.#
#..####......####.# # #..##
##................#
###^..#####............####.#


You could see Maggie (mesmerising) and an orc.

Vanquished Creatures
  Pikel (D:7)
  Joseph (D:7)
  Prince Ribbit (D:8)
  Menkaure (D:5)
  A black bear (D:6)
  2 sky beasts
  Pargi (Sewer)
  An orc warrior (D:8)
  3 ice beasts
  An ogre (D:5)
  2 centaurs
  2 phantoms
  A lemure (D:7)
  3 kobold brigands
  2 bullfrogs
  A scorpion (D:4)
  2 howler monkeys
  3 hounds
  3 jellies
  3 orc priests (D:5)
  5 sleepcaps
  An iguana (D:6)
  6 orc wizards
  7 adders
  4 gnolls (D:5)
  A shadow imp (D:5)
  3 white imps
  2 ufetubi
  3 worms
  2 dart slugs
  18 orcs
  2 bats (D:1)
  9 endoplasms
  3 giant cockroaches (D:1)
  9 goblins
  4 hobgoblins
  6 quokkas
  6 ball pythons
  17 frilled lizards
  20 kobolds
  15 rats
178 creatures vanquished.

Vanquished Creatures (others)
  An orc (D:8)
1 creature vanquished.

Grand Total: 179 creatures vanquished

Notes
Turn   | Place    | Note
-------+----------+-------------------------------------------
     0 | D:1      | monsoonserge the Minotaur Fighter began the quest for the
                  | Orb.
     0 | D:1      | Reached XP level 1. HP: 19/19 MP: 0/0
    43 | D:1      | Reached XP level 2. HP: 17/27 MP: 1/1
   354 | D:1      | Reached XP level 3. HP: 34/34 MP: 2/2
   777 | D:2      | Reached XP level 4. HP: 33/41 MP: 3/3
  1484 | D:3      | Reached skill level 1 in Dodging
  1759 | D:4      | Found a shadowy altar of Dithmenos.
  1774 | D:4      | Noticed a centaur
  1785 | D:4      | Killed a centaur
  1786 | D:4      | Reached skill level 5 in Axes
  1786 | D:4      | Reached XP level 5. HP: 24/47 MP: 4/4
  1991 | D:4      | Found a staircase to the Ecumenical Temple.
  2001 | Temple   | Entered the Ecumenical Temple
  2145 | Temple   | Became a worshipper of Ru the Awakened
  2203 | D:4      | Reached skill level 5 in Fighting
  2381 | D:4      | Found a blossoming altar of Fedhas.
  2587 | D:4      | Found a shimmering altar of Xom.
  2617 | D:4      | Found an opulent altar of Gozag.
  2681 | D:4      | Reached XP level 6. HP: 56/56 MP: 5/5
  2761 | D:5      | Entered Level 5 of the Dungeon
  2858 | D:5      | Found a glowing drain.
  2907 | Sewer    | Entered a sewer
  2960 | Sewer    | Noticed Pargi
  2971 | Sewer    | Killed Pargi
  2972 | Sewer    | Reached skill level 5 in Armour
  2972 | Sewer    | Reached XP level 7. HP: 35/61 MP: 6/6
  3287 | D:5      | Found an ancient bone altar of Kikubaaqudgha.
  3324 | D:5      | Noticed Menkaure
  3339 | D:5      | Killed Menkaure
  3340 | D:5      | Reached skill level 1 in Maces & Flails
  3508 | D:5      | Found a bloodstained altar of Trog.
  3508 | D:5      | Found an iron altar of Okawaru.
  3628 | D:5      | Reached skill level 2 in Maces & Flails
  3640 | D:5      | Reached XP level 8. HP: 43/71 MP: 7/7
  3714 | D:4      | Fell from the grace of Ru
  3714 | D:4      | Became a worshipper of Gozag Ym Sagoz the Greedy
  3753 | D:5      | Reached skill level 3 in Maces & Flails
  3770 | D:5      | Identified the +0 robe of Watchfulness {rF+ rC+ Str+2}
  4001 | D:6      | Reached skill level 4 in Maces & Flails
  4049 | D:6      | Reached skill level 1 in Evocations
  4185 | D:6      | Reached skill level 5 in Maces & Flails
  4244 | D:6      | Found a burning altar of Makhleb.
  4245 | D:6      | Noticed a blizzard demon
  4249 | D:6      | Noticed an orange demon
  4416 | D:6      | Reached skill level 6 in Maces & Flails
  4834 | D:7      | Reached skill level 7 in Maces & Flails
  4834 | D:7      | Reached XP level 9. HP: 69/79 MP: 8/8
  5127 | D:7      | Noticed Joseph
  5145 | D:7      | Killed Joseph
  5146 | D:7      | Reached skill level 8 in Maces & Flails
  5397 | D:7      | Reached skill level 1 in Throwing
  5433 | D:7      | Noticed Pikel
  5454 | D:7      | Killed Pikel
  5455 | D:7      | Reached skill level 9 in Maces & Flails
  5632 | D:8      | Noticed Prince Ribbit
  5641 | D:8      | Killed Prince Ribbit
  5673 | D:8      | Reached skill level 10 in Maces & Flails
  5876 | D:8      | Noticed Maggie
  5888 | D:8      | Gained mutation: You are clumsy. (Dex -2) [potion of
                  | mutation]
  5888 | D:8      | Gained mutation: You are weak. (Str -2) [potion of
                  | mutation]
  5888 | D:8      | Gained mutation: You are resistant to electric shocks.
                  | (rElec) [potion of mutation]
  5890 | D:8      | HP: 3/82 [something (3)]
  5891 | D:8      | HP: 1/123 [Maggie/+2 long sword of flaming (4)]
  5891 | D:8      | Slain by Maggie

Illustrated notes

Levels and vault maps discovered:
D:1:      dpeg_arrival_prison, layout_basic
D:2:      layout_basic
D:3:      layout_loops_ring
D:4:      layout_layer_cave, nicolae_overflow_crystal_walls,
          mainiacjoe_overflow_small_starburst, mainiacjoe_overflow_swirl,
          minmay_temple_entry_junction
D:5:      minmay_spotlight, layout_basic, grunt_temple_overflow_bloody_war,
          kiku_gazebo_garden_becter, cheibrodos_sewer_entry_drain, uniq_menkaure
D:6:      layout_rooms, makhleb_altar_promises_db, nicolae_sextant,
          hangedman_decor_riveting, lexackson_kobold_supper
D:7:      layout_basic, serial_park_tiny_pond, kennysheep_nondescript,
          uniq_pikel, uniq_joseph
D:8:      layout_layer_cave, enter_bailey_3, uniq_prince_ribbit1, uniq_erica,
          uniq_maggie
Temple:   nicolae_temple_superstar

Skill      XL: |  1  2  3  4  5  6  7  8  9 |
---------------+----------------------------+-----
Shields        | 4 |  4.0
Fighting       | 4 5 6 7 8 |  8.5
Armour         | 4 5 6 7 |  7.0
Axes           | 3 5 6 7 |  7.2
Dodging        | 1 2 3 |  3.1
Maces & Flails | 2 7 10 | 10.4
Evocations     | 2 |  2.0
Throwing       | 1 |  1.9

Action                     |  1- 3 |  4- 6 |  7- 9 || total
---------------------------+-------+-------+-------++-------
  Melee: War axe           |    89 |   108 |    12 ||   209
         Headbutt          |    11 |    15 |    48 ||    74
         Flail             |       |       |   238 ||   238
         Whip              |       |       |    46 ||    46
  Throw: Dart              |       |     2 |    10 ||    12
    Use: Potion            |       |     1 |     5 ||     6
   Stab: Distracted        |       |       |     2 ||     2
 Armour: Scale mail        |    36 |     8 |       ||    44
         Chain mail        |       |    83 |    90 ||   173
         Plate armour      |       |       |    76 ||    76
         Skin              |       |       |     1 ||     1
  Dodge: Dodged            |    36 |    60 |   108 ||   204
  Block: Buckler           |    14 |    25 |    65 ||   104
